 Dungeon Crawl Stone Soup version 0.31-a0-431-g88bdf31460 (webtiles) character file.

Game seed: 5948600767674857689

66 Dirtsage the Ruffian (level 3, -3/26 HPs)
             Began as a Demonspawn Shapeshifter on July 31, 2023.
             Killed by nerve-wracking pain
             ... invoked by an orc priest
              (7 damage)
             ... on level 3 of the Dungeon.
             The game lasted 00:03:25 (1998 turns).

Dirtsage the Ruffian (Demonspawn Shapeshifter)      Turns: 1998, Time: 00:03:25

Health: -3/26      AC: 10    Str: 23    XL:     3   Next: 96%
Magic:  3/3        EV:  8    Int:  9    God:
Gold:   182        SH:  0    Dex: 13    Spells: 2/2 levels left

rFire   . .          .
                       - Unarmed
rCold   . . .        (no shield)
rNeg    . . .        j - +0 chain mail
rPois   .            (helmet currently unavailable)
rElec   .            (cloak currently unavailable)
rCorr   .            (gloves currently unavailable)
SInv    .            (boots currently unavailable)
Will    .....        m - amulet of magic regeneration Stlth
                     e - +6 ring of strength
HPRegen 0.24/turn    (no ring)
MPRegen 0.48/turn

%: no passive effects
@: beast-form
A: beast (slay +2), hooves 1, icy blue scales 1
a: Begin Untransformation


You were on level 3 of the Dungeon.
You were a hulking beast.
You visited 1 branch of the dungeon, and saw 4 of its levels.

You collected 182 gold pieces.

Inventory:

Armour
 a - a +0 animal skin
 j - a +0 chain mail (worn)
 r - a +0 pair of gloves
Jewellery
 e - a +6 ring of strength (left hand)
 m - an amulet of magic regeneration (around neck)
Talismans
 c - a beast talisman (active)
Scrolls
 f - 3 scrolls of identify {unknown}
 g - a scroll of enchant weapon {unknown}
 i - a scroll of silence {unknown}
 n - a scroll of teleportation {unknown}
 o - a scroll of fog {unknown}
 s - a scroll of immolation {unknown}
Potions
 b - a potion of lignification
 d - 4 potions of heal wounds {unknown}
 h - a potion of magic {unknown}
 k - 3 potions of haste {unknown}
 l - a potion of attraction {unknown}
 p - a potion of berserk rage {unknown}
 q - 3 potions of curing


   Skills:
 - Level 1.0 Fighting
 - Level 1.7 Dodging
 * Level 3.9 Unarmed Combat
 + Level 3.1 Shapeshifting


You had 2 spell levels left.
You didn't know any spells.
Your spell library contained the following spells:

 Spells                   Type           Power      Damage    Failure   Level
 Ozocubu's Armour         Ice            0%         N/A       100%        3
 Ozocubu's Refrigeration  Ice            0%         4d7       100%        7


Dungeon Overview and Level Annotations

Branches:
Dungeon (4/15)
 Temple: D:4-7

Altars:
Okawaru


Innate Abilities, Weirdness & Mutations

You are a hulking beast.
Your limbs bulge with bestial killing power. (Slay +2)
You have large cloven feet.
You are partially covered in icy blue scales. (AC +2)


Message History

The orc wizard casts a spell.
The orc wizard flickers and vanishes!
There is a stone staircase leading up here.
You closely miss the goblin. You kick the goblin.
The goblin is heavily wounded.
You barely miss the goblin.
The goblin is heavily wounded.
The goblin completely misses you.
You hit the goblin.
You kill the goblin!
A puff of flame appears from out of thin air!
The puff of flame hits you.
You take 3 damage, and have 23/26 hp.
Something hits you. The orc priest barely misses you.
You climb upwards.
Reactivating autopickup.
There is a stone staircase leading down here.
You take 3 damage, and have 21/26 hp.
You hit the orc priest but do no damage.
Something hits you but does no damage.
Deactivating autopickup; reactivate with Ctrl-A.
The orc priest mumbles some strange prayers to Beogh against you.
Beogh smites you!
You take 10 damage, and have 11/26 hp.
MASSIVE DAMAGE!!
You closely miss the orc priest. Your kick misses the orc priest.
Something hits you but does no damage. The orc priest hits you with a +0 mace.
* * * LOW HITPOINT WARNING * * *
You take 4 damage, and have 7/26 hp.
You barely miss the orc priest. You kick the orc priest.
The orc priest is lightly wounded.
Something hits you but does no damage. The orc priest hits you with a +0 mace.
* * * LOW HITPOINT WARNING * * *
You take 2 damage, and have 5/26 hp.
You hit the orc priest.
The orc priest is heavily wounded.
Something hits you.
* * * LOW HITPOINT WARNING * * *
The orc priest invokes the aid of Beogh against you.
Pain shoots through your body!
You die...

...............#....######.#.#
........#####...###.######.#.#
..)........................#.#
.........#####..##.#########.#
..)...)..# #..#............#
.........#####..#.#.##########
####............#.#.######
#.....######...#......#
####............h#######.########
.........##......o...............
.........##...##########.########
.........##...########....#......
.....######............##.#.#####
.....# #....######<.##.#.# ######
#....# #.#.....#.#
##.#.####.#.###.#.#
#.#..............#


You could see an orc priest.

Vanquished Creatures
  An adder (D:2)
  A worm (D:2)
  A dart slug (D:2)
  An orc (D:3)
  7 ball pythons
  3 endoplasms
  A giant cockroach (D:1)
  8 goblins
  5 hobgoblins
  2 quokkas
  8 bats
  A frilled lizard (D:2)
  6 kobolds
  4 rats
49 creatures vanquished.

Notes
Turn   | Place    | Note
-------+----------+-------------------------------------------
     0 | D:1      | Dirtsage the Demonspawn Shapeshifter began the quest for
                  | the Orb.
     0 | D:1      | Reached XP level 1. HP: 15/15 MP: 1/1
   364 | D:1      | Gained mutation: You are partially covered in icy blue
                  | scales. (AC +2) [demonic ancestry]
   364 | D:1      | Reached XP level 2. HP: 21/21 MP: 2/2
   462 | D:1      | Found a faded altar of an unknown god.
   477 | D:1      | Found a faded altar of an unknown god.
   672 | D:2      | Gained mutation: You have large cloven feet. [demonic
                  | ancestry]
   672 | D:2      | Reached XP level 3. HP: 12/26 MP: 3/3
   673 | D:2      | Identified the +3 hand axe "Near Him" {speed, rN+}
  1823 | D:3      | Found an iron altar of Okawaru.
  1998 | D:3      | Killed from afar by an orc priest

Illustrated notes

Levels and vault maps discovered:
D:1:      eino_arrival_water_cross, layout_basic,
          hellmonk_ecumenical_altar_the_god_not_taken, feat_on_display
D:2:      layout_rooms, grunt_ministairs_1, st_stairs_3,
          kennysheep_pointless_box, minmay_misc_feat_chi
D:3:      layout_basic, okawaru_ov_weapons_minmay
D:4:      layout_gridville

Skill      XL: |  1  2 |
---------------+-------+-----
Unarmed Combat | 3 |  3.9
Shapeshifting  | 3 |  3.1
Fighting       | |  1.0
Dodging        | |  1.7

Action                     || total
---------------------------++-------
  Melee: Unarmed           ||   131
         Kick              ||    16
         Punch             ||     1
    Use: Potion            ||     1
 Armour: Chain mail        ||    62
         Animal skin       ||     3
  Dodge: Dodged            ||    54

Table legend: (Time is in decaauts)
 A = Elapsed time spent in this place.
 B = Non-inter-level travel time spent in this place.
 C = Inter-level travel time spent in this place.
 D = Time resting spent in this place.
 E = Time spent auto-exploring this place.
 F = Levels seen in this place.
 G = Mean time per level.
                   A        B        C        D        E       F      G
               +--------+--------+--------+--------+--------+-----+--------+
         Total |   1988 |   1936 |     52 |      0 |   1609 |   4 |  497.0 |
       Dungeon |   1988 |   1936 |     52 |      0 |   1609 |   4 |  497.0 |
               +--------+--------+--------+--------+--------+-----+--------+

Top non-repeatable levels by time:
     D:2: 676 daAuts
     D:1: 648 daAuts
     D:3: 639 daAuts
     D:4: 23 daAuts
